 Dungeon Crawl Stone Soup version 0.22-a0-49-g614aadd (webtiles) character file.

7611 gmonis the Basher (level 10, -6/91 HPs)
             Began as a Minotaur Berserker on Jan 8, 2018.
             Was a High Priest of Trog.
             Mangled by a two-headed ogre
             ... wielding a +0 giant spiked club
              (15 damage)
             ... on level 10 of the Dungeon.
             The game lasted 00:14:19 (9092 turns).

gmonis the Basher (Minotaur Berserker)              Turns: 9092, Time: 00:14:20

Health: -6/91      AC: 16    Str: 26    XL:     10   Next: 98%
Magic:  9/9        EV: 11    Int:  4    God:    Trog [*****.]
Gold:   527        SH:  0    Dex: 17    Spells: 9/9 levels left

rFire    . . .     SeeInvis .   L - +4 mace
rCold    . . .     Gourm    .   (no shield)
rNeg     . . .     Faith    .   B - +0 chain mail
rPois    .         Spirit   .   (helmet restricted)
rElec    .         Reflect  .   l - +0 cloak
rCorr    .         Harm     .   G - +0 pair of gloves
MR       ++...                  u - +0 pair of boots
Stlth    ..........             E - amulet of regeneration
HPRegen  1.65/turn              j - +2 ring of dexterity
MPRegen  0.11/turn              k - +6 ring of dexterity

@: berserk cooldown, regenerating, slowed, very slow
A: retaliatory headbutt, horns 2
a: Berserk, Trog's Hand, Brothers in Arms, Burn Spellbooks, Renounce Religion


You were on level 10 of the Dungeon.
You worshipped Trog.
Trog was extremely pleased with you.
You were very hungry.

You visited 1 branch of the dungeon, and saw 10 of its levels.

You collected 527 gold pieces.

Inventory:

Hand Weapons
 a - a +0 mace
 r - a +1 mace of draining
 J - the +2 mace of Incongruity {vamp, +Blink Dex+3, unknown}
   (You found it on level 7 of the Dungeon)

   It inflicts no extra harm, but heals its wielder when it wounds a living foe.
   It affects your dexterity (+3).
   It lets you blink.
 L - a +4 mace (weapon)
Missiles
 h - 377 stones (quivered)
Armour
 b - a +0 animal skin
 l - a +0 cloak (worn)
 u - a +0 pair of boots (worn)
 y - a +0 ring mail
 B - a +0 chain mail (worn)
 G - a +0 pair of gloves (worn)
Jewellery
 j - a +2 ring of dexterity (left hand)
 k - a +6 ring of dexterity (right hand)
 m - an uncursed amulet of harm
 E - an amulet of regeneration (around neck)
Wands
 M - a wand of paralysis (19)
 O - a wand of flame (29)
 R - a wand of enslavement (10)
Scrolls
 d - 4 scrolls of amnesia {unknown}
 e - a scroll of teleportation {unknown}
 f - 7 scrolls of magic mapping {unknown}
 g - 8 scrolls of remove curse {unknown}
 i - 14 scrolls of identify {unknown}
 q - 3 scrolls of blinking {unknown}
 w - a scroll of noise {unknown}
 x - a scroll of immolation {unknown}
 C - 2 scrolls of enchant weapon {unknown}
 D - 3 scrolls of fog {unknown}
 F - a scroll of enchant armour {unknown}
 K - 2 scrolls of fear {unknown}
Potions
 n - 5 potions of curing {unknown}
 o - a potion of heal wounds {unknown}
 p - 4 potions of brilliance {unknown}
 s - a potion of magic {unknown}
 t - a potion of invisibility {unknown}
 v - 2 potions of degeneration {unknown}
 z - 2 potions of resistance {unknown}
 A - a potion of flight {unknown}
 H - 4 potions of haste {unknown}
 N - a potion of berserk rage {unknown}
 P - a potion of ambrosia {unknown}
 Q - a potion of lignification {unknown}
Books
 I - Kikubaaqudgha's Reference Book on Dark Rites
   (You found it on level 7 of the Dungeon)

   Spells                             Type                      Level
   a - Animate Skeleton               Necromancy                   1
   Trog disapproves of the use of such an item.
Comestibles
 c - 24 rations


   Skills:
 + Level 9.6 Fighting
 - Level 14.0 Maces & Flails
 + Level 10.7 Armour
 + Level 4.6 Dodging


You had 9 spell levels left.
You didn't know any spells.

Dungeon Overview and Level Annotations

Branches:
Dungeon (10/15)            Temple (0/1) D:6             Orc (0/2) D:10
   Lair: D:8-11

Altars:
Cheibriados
Fedhas
Gozag
Kikubaaqudgha
Ru
Sif Muna
Vehumet
Wu Jian
Zin

Shops:
D:6 :   D:7 }


Innate Abilities, Weirdness & Mutations

You reflexively headbutt those who attack you in melee.
You have a pair of horns on your head.


Message History

* * * LOW HITPOINT WARNING * * *
The two-headed ogre hits you with a giant spiked club.
* * * LOW HITPOINT WARNING * * *
The two-headed ogre hits you with a giant spiked club!
* * * LOW HITPOINT WARNING * * *
The two-headed ogre closely misses you.
You see here an orc corpse.
The two-headed ogre closely misses you.
The two-headed ogre hits you but does no damage.
There is a stone staircase leading down here.
Your skin crawls.
You feel resistant to hostile enchantments.
You are feeling very hungry.
The two-headed ogre hits you with a giant spiked club!
* * * LOW HITPOINT WARNING * * *
The two-headed ogre hits you but does no damage.
You sock the two-headed ogre! You headbutt the two-headed ogre.
The two-headed ogre is severely wounded.
The two-headed ogre hits you with a giant spiked club!
You die...

.......†.#
.........######## .
................ ..
####............ ...#
#............ 8....
######.......(....
......#.................
o................#######
>....8....@O.....#
.................##########
......#........†)).........
8.....#.....#############..
...####.....# ... .......#
.5 ........# .........
.......


You could see a two-headed ogre.

Vanquished Creatures
  A hydra (D:8)
  The ghost of kal9871 the Insei, an amateur OpTm (D:4)
  11 yaks (D:9)
  Sigmund (D:2)
  A hungry ghost (D:9)
  A water moccasin (D:8)
  An ice beast (D:6)
  7 orc warriors
  4 phantoms
  A sky beast (D:6)
  2 black bears (D:7)
  3 ogres
  9 centaurs
  3 big kobolds
  4 bullfrogs
  A gnoll sergeant (D:7)
  A wyvern skeleton (D:8)
  3 scorpions
  3 wights (D:8)
  6 howler monkeys
  3 crimson imps
  A centaur zombie (D:10)
  12 hounds
  3 jellies
  10 orc wizards
  4 bullfrog skeletons
  6 worker ants
  A worker ant zombie (D:7)
  Robin (D:2)
  8 gnolls
  9 adders
  A howler monkey skeleton (D:6)
  2 shadow imps
  An ooze (D:4)
  An adder skeleton (D:6)
  2 worms
  A dart slug (D:2)
  3 leopard geckos
  15 orcs
  A ball python (D:4)
  7 bats
  2 giant cockroaches
  10 goblins
  9 hobgoblins
  4 jackals
  10 kobolds
  5 quokkas
  9 frilled lizards
  A leopard gecko skeleton (D:4)
  A quokka zombie (D:7)
  3 rats (D:2)
210 creatures vanquished.

Notes
Turn   | Place    | Note
-------+----------+-------------------------------------------
     0 | D:1      | gmonis the Minotaur Berserker began the quest for the Orb.
     0 | D:1      | Reached XP level 1. HP: 19/19 MP: 0/0
   358 | D:1      | Reached XP level 2. HP: 25/27 MP: 1/1
  1022 | D:2      | Reached skill level 4 in Maces & Flails
  1146 | D:2      | Reached XP level 3. HP: 29/33 MP: 2/2
  1201 | D:2      | Reached ** piety under Trog
  1207 | D:2      | Reached skill level 5 in Maces & Flails
  1208 | D:2      | Reached XP level 4. HP: 29/40 MP: 3/3
  1422 | D:2      | Noticed Robin
  1430 | D:2      | Killed Robin
  1966 | D:2      | Noticed Sigmund
  2008 | D:2      | Killed Sigmund
  2008 | D:2      | Reached skill level 7 in Maces & Flails
  2008 | D:2      | Reached XP level 5. HP: 15/46 MP: 4/4
  2510 | D:3      | Reached XP level 6. HP: 51/52 MP: 5/5
  2712 | D:3      | Found an opulent altar of Gozag.
  3024 | D:3      | Reached skill level 8 in Maces & Flails
  3478 | D:4      | Found a sacrificial altar of Ru.
  3520 | D:4      | Reached skill level 9 in Maces & Flails
  3680 | D:4      | Reached XP level 7. HP: 55/59 MP: 6/6
  3727 | D:4      | Reached *** piety under Trog
  3761 | D:4      | Noticed kal9871's ghost (amateur OpTm)
  3773 | D:4      | Killed kal9871's ghost
  3773 | D:4      | Reached skill level 10 in Maces & Flails
  4458 | D:5      | Entered Level 5 of the Dungeon
  4690 | D:5      | Reached skill level 11 in Maces & Flails
  4690 | D:5      | Reached XP level 8. HP: 37/66 MP: 7/7
  5448 | D:6      | Found a staircase to the Ecumenical Temple.
  5508 | D:6      | Reached skill level 12 in Maces & Flails
  5661 | D:6      | Found a snail-covered altar of Cheibriados.
  5661 | D:6      | Found a glowing silver altar of Zin.
  5717 | D:6      | Found Woariof Idyrph's Book Emporium.
  5888 | D:6      | Reached skill level 13 in Maces & Flails
  6213 | D:7      | Found a blossoming altar of Fedhas.
  6246 | D:7      | Reached XP level 9. HP: 37/71 MP: 8/8
  6605 | D:7      | Found a deep blue altar of Sif Muna.
  6609 | D:7      | Reached **** piety under Trog
  6613 | D:7      | Found an ancient bone altar of Kikubaaqudgha.
  6616 | D:7      | Reached skill level 14 in Maces & Flails
  6638 | D:7      | Identified Kikubaaqudgha's Reference Book on Dark Rites
  6658 | D:7      | Found a radiant altar of Vehumet.
  6876 | D:7      | Found Eco Leth's Gadget Emporium.
  6956 | D:7      | Reached skill level 5 in Fighting
  7173 | D:7      | Reached skill level 5 in Armour
  7264 | D:7      | Got a steaming mace
  7540 | D:8      | Noticed a seven-headed hydra
  7546 | D:8      | Killed a seven-headed hydra
  7546 | D:8      | Reached XP level 10. HP: 41/86 MP: 9/9
  8541 | D:9      | Reached ***** piety under Trog
  8719 | D:9      | Found an ornate altar of the Wu Jian Council.
  8748 | D:9      | Received a gift from Trog
  8754 | D:9      | Reached skill level 10 in Armour
  9015 | D:10     | Entered Level 10 of the Dungeon
  9039 | D:10     | Found a staircase to the Orcish Mines.
  9056 | D:10     | Noticed a two-headed ogre
  9092 | D:10     | Mangled by a two-headed ogre

Vault maps used:
D:1:      roderic_octagonal_star
D:2:      minmay_lizard_pond, uniq_sigmund, uniq_robin
D:3:      grunt_gozag_breadcrumbs
D:4:      first_ration, nicolae_ru_the_path_less_chosen
D:5:      small_statue_intersection
D:6:      gammafunk_temple_overflow_elements, minmay_temple_entry_poolview,
          serial_shops, shop, nrook_mini_vaults
D:7:      kennysheep_windowed_halls, palyth_temple_overflow_mages, serial_shops,
          nicolae_shop_trees, basic_altar
D:8:      blue_anna_alchemist
D:9:      kennysheep_mini, minmay_misc_feat_chi
D:10:     minmay_cornered_nines, dpeg_oklobed_lair, david_orc_2

Skill      XL: |  1  2  3  4  5  6  7  8  9 10 |
---------------+-------------------------------+-----
Fighting       | 4 7 9 |  9.6
Maces & Flails | 4 5 7 9 11 13 14 | 14.0
Armour         | 6 10 | 10.7
Dodging        | 3 4 |  4.6

Action                   |  1- 3 |  4- 6 |  7- 9 | 10-12 || total
-------------------------+-------+-------+-------+-------++-------
Melee: Mace              |    45 |    70 |   232 |   187 ||   534
       Headbutt          |     5 |    14 |    65 |    61 ||   145
Invok: Berserk           |     1 |     2 |     2 |     2 ||     7
       Trog's Hand       |       |       |       |     1 ||     1
 Stab: Sleeping          |       |     1 |       |       ||     1
  Eat: Chunk             |     1 |    10 |    13 |     9 ||    33
Armor: Animal skin       |    17 |    11 |     2 |       ||    30
       Ring mail         |       |       |     2 |       ||     2
       Chain mail        |       |       |   102 |    73 ||   175
Dodge: Dodged            |    39 |    66 |   120 |    76 ||   301

Table legend:
 A = Spawn XP
 B = Non-spawn XP
 C = Spawn XP percentage of total XP
 D = Spawn monster count
 E = Non-spawn monster count
 F = Spawn count percentage of total count
 G = Total turns spent on level
                    A         B        C        D         E        F      G
               +---------+---------+-------+---------+---------+-------+---------
         Total |       0 |   10873 |   0.0 |       0 |     210 |   0.0 |  9092
               +---------+---------+-------+---------+---------+-------+---------
           D:1 |       0 |      19 |   0.0 |       0 |      11 |   0.0 |  1004
           D:2 |       0 |     332 |   0.0 |       0 |      35 |   0.0 |  1253
           D:3 |       0 |     114 |   0.0 |       0 |      14 |   0.0 |  1100
           D:4 |       0 |     676 |   0.0 |       0 |      18 |   0.0 |  1101
           D:5 |       0 |     421 |   0.0 |       0 |       8 |   0.0 |   847
           D:6 |       0 |     869 |   0.0 |       0 |      19 |   0.0 |   894
           D:7 |       0 |    2052 |   0.0 |       0 |      43 |   0.0 |  1250
           D:8 |       0 |    2209 |   0.0 |       0 |      19 |   0.0 |   985
           D:9 |       0 |    3438 |   0.0 |       0 |      31 |   0.0 |   581
          D:10 |       0 |     743 |   0.0 |       0 |      12 |   0.0 |    77
               +---------+---------+-------+---------+---------+-------+---------
